PAAA
BLOOMINGTON LONGNECKS @ CALGARY LYNX
09/03/2035
 
TOP OF THE 1ST
Bloomington Longnecks batting - Pitching for Calgary Lynx : RHP Melchor Morse
Pitching: RHP Melchor Morse
Batting: LHB Henk van Aardschot 0-0: Called Strike
0-1: Foul Ball, location: 2F
0-2: Foul Ball, location: 2F
0-2: DOUBLE (Line Drive, 8RD)
Batting: RHB Gabrio Campoverde 0-0: Called Strike
0-1: Called Strike
0-2: Ball
1-2: Strikes out swinging
Batting: LHB Richello Mabait 0-0: Called Strike
0-1: Foul Ball, location: 2F
0-2: Ground out 6-3 (Groundball, 6D)
Batting: RHB Moriz Ayushiev 0-0: Called Strike
0-1: Called Strike
0-2: Ball
1-2: Fly out, F3 (Popup, 23F)
Top of the 1st over - 0 runs, 1 hit, 0 errors, 1 left on base; Bloomington 0 - Calgary 0
BOTTOM OF THE 1ST
Calgary Lynx batting - Pitching for Bloomington Longnecks : LHP Gabriel Valenzuela
Pitching: LHP Gabriel Valenzuela
Batting: RHB Dave Sosa 0-0: Foul Ball, location: 2F
0-1: Swinging Strike
0-2: Strikes out swinging
Batting: RHB Augusto Manuel 0-0: Ball
1-0: Ball
2-0: Ball
3-0: Called Strike
3-1: Base on Balls
Batting: RHB José de la Cavallería 0-0: Ball
1-0: Swinging Strike
1-1: Ball
2-1: Called Strike
2-2: Strikes out looking
Batting: RHB Oliver Villalva 0-0: Ball
Wild Pitch!
Augusto Manuel to second
1-0: Called Strike
1-1: Ball
2-1: Ball
3-1: Ground out 6-3 (Groundball, 6M)
Bottom of the 1st over - 0 runs, 0 hits, 0 errors, 1 left on base; Bloomington 0 - Calgary 0
TOP OF THE 2ND
Bloomington Longnecks batting - Pitching for Calgary Lynx : RHP Melchor Morse
Batting: SHB Benedict Patel 0-0: Called Strike
0-1: SINGLE (Line Drive, 8LS)
Batting: RHB Mei Kim 0-0: Ball
Pickoff Throw to First - Error! E1
Benedict Patel to second
1-0: Foul Ball, location: 2F
1-1: Foul Ball, location: 2F
1-2: Fly out, F7 (Flyball, 7LS)
Batting: LHB Abiram Wahine 0-0: Called Strike
Benedict Patel steals 3rd base
0-1: Ball
1-1: Swinging Strike
1-2: SINGLE (Flyball, 9S)
Benedict Patel scores
Batting: RHB Pacu Martic 0-0: Ball
1-0: Ground out U3 (Groundball, 34S)
Abiram Wahine to second
Batting: RHB Mike Mays 0-0: Ball
1-0: Ball
2-0: Ground out 5-3 (Groundball, 56)
Top of the 2nd over - 1 run, 2 hits, 1 error, 1 left on base; Bloomington 1 - Calgary 0
BOTTOM OF THE 2ND
Calgary Lynx batting - Pitching for Bloomington Longnecks : LHP Gabriel Valenzuela
Batting: LHB Sergio Cruz 0-0: Foul Ball, location: 2F
0-1: Ball
1-1: Ground out 5-3 (Groundball, 15S)
Batting: RHB Alberto Salas 0-0: Ball
1-0: Foul Ball, location: 2F
1-1: Ground out 5-3 (Groundball, 56)
Batting: LHB Xuan-ling Chen 0-0: Foul Ball, location: 2F
0-1: Ball
1-1: Swinging Strike
1-2: Fly out, F3 (Popup, 34S)
Bottom of the 2nd over - 0 runs, 0 hits, 0 errors, 0 left on base; Bloomington 1 - Calgary 0
TOP OF THE 3RD
Bloomington Longnecks batting - Pitching for Calgary Lynx : RHP Melchor Morse
Batting: LHB Henk van Aardschot 0-0: Ground out U3 (Groundball, 23)
Batting: RHB Gabrio Campoverde 0-0: Called Strike
0-1: Fly out, F9 (Flyball, 9)
Batting: LHB Richello Mabait 0-0: Ball
1-0: Fly out, F9 (Line Drive, 89D)
Top of the 3rd over - 0 runs, 0 hits, 0 errors, 0 left on base; Bloomington 1 - Calgary 0
BOTTOM OF THE 3RD
Calgary Lynx batting - Pitching for Bloomington Longnecks : LHP Gabriel Valenzuela
Batting: RHB Rubén Medina 0-0: Called Strike
0-1: Ground out 1-3 (Groundball, P)
Batting: RHB Gustavo Ortíz 0-0: Ball
1-0: Ball
2-0: Swinging Strike
2-1: Called Strike
2-2: Ball
3-2: Foul Ball, location: 2F
3-2: Ground out 1-3 (Groundball, 13)
Batting: RHB Dave Sosa 0-0: Ball
1-0: Ball
2-0: Called Strike
2-1: Fly out, F8 (Line Drive, 8RD)
Bottom of the 3rd over - 0 runs, 0 hits, 0 errors, 0 left on base; Bloomington 1 - Calgary 0
TOP OF THE 4TH
Bloomington Longnecks batting - Pitching for Calgary Lynx : RHP Melchor Morse
Batting: RHB Moriz Ayushiev 0-0: Called Strike
0-1: Ball
1-1: Foul Ball, location: 2F
1-2: Foul Ball, location: 2F
1-2: Foul Ball, location: 2F
1-2: Foul Ball, location: 2F
1-2: Foul Ball, location: 2F
1-2: Ground out 6-3 (Groundball, 6)
Batting: SHB Benedict Patel 0-0: Called Strike
0-1: Fly out, F9 (Flyball, 9S)
Batting: RHB Mei Kim 0-0: Called Strike
0-1: DOUBLE (Line Drive, 89D)
Batting: LHB Abiram Wahine 0-0: Called Strike
0-1: Ball
1-1: Ball
2-1: SINGLE (Groundball, 34D)
Mei Kim to third
Runner from 3rd tries for Home, SAFE, throw made home
Batting: RHB Pacu Martic 0-0: Ball
1-0: Ball
Wild Pitch!
Abiram Wahine to second
2-0: Called Strike
2-1: Ball
3-1: Foul Ball, location: 2F
3-2: Foul Ball, location: 2F
3-2: Strikes out swinging
Top of the 4th over - 1 run, 2 hits, 0 errors, 1 left on base; Bloomington 2 - Calgary 0
BOTTOM OF THE 4TH
Calgary Lynx batting - Pitching for Bloomington Longnecks : LHP Gabriel Valenzuela
Batting: RHB Augusto Manuel 0-0: Ground out 4-3 (Groundball, 4MD)
Batting: RHB José de la Cavallería 0-0: Ball
1-0: Called Strike
1-1: SINGLE (Line Drive, 89M)
Batting: RHB Oliver Villalva 0-0: Ball
1-0: Foul Ball, location: 2F
1-1: Reached on error, E5 (Groundball, 5)
José de la Cavallería to second
Batting: LHB Sergio Cruz 0-0: Grounds into double play, 4-6-3 (Groundball, 34)
Bottom of the 4th over - 0 runs, 1 hit, 1 error, 1 left on base; Bloomington 2 - Calgary 0
TOP OF THE 5TH
Bloomington Longnecks batting - Pitching for Calgary Lynx : RHP Melchor Morse
Batting: RHB Mike Mays 0-0: Ball
1-0: Called Strike
1-1: Ground out 1-3 (Groundball, 15)
Batting: LHB Henk van Aardschot 0-0: Swinging Strike
0-1: Foul Ball, location: 2F
0-2: Ground out 4-3 (Groundball, 4)
Batting: RHB Gabrio Campoverde 0-0: Fly out, F9 (Flyball, 9LS)
Top of the 5th over - 0 runs, 0 hits, 0 errors, 0 left on base; Bloomington 2 - Calgary 0
BOTTOM OF THE 5TH
Calgary Lynx batting - Pitching for Bloomington Longnecks : LHP Gabriel Valenzuela
Batting: RHB Alberto Salas 0-0: Ground out 6-3 (Groundball, 6)
Batting: LHB Xuan-ling Chen 0-0: Called Strike
0-1: Ball
1-1: Called Strike
1-2: Fly out, F8 (Flyball, 89M)
Batting: RHB Rubén Medina 0-0: Foul Ball, location: 2F
0-1: Foul Ball, location: 2F
0-2: Foul Ball, location: 2F
0-2: Ball
1-2: Foul Ball, location: 2F
1-2: Foul Ball, location: 2F
1-2: Foul Ball, location: 2F
1-2: Foul Ball, location: 2F
1-2: Strikes out swinging
Bottom of the 5th over - 0 runs, 0 hits, 0 errors, 0 left on base; Bloomington 2 - Calgary 0
TOP OF THE 6TH
Bloomington Longnecks batting - Pitching for Calgary Lynx : RHP Melchor Morse
Batting: LHB Richello Mabait 0-0: Ball
1-0: Foul Ball, location: 2F
1-1: Ball
2-1: Ground out 5-3 (Groundball, 56)
Batting: RHB Moriz Ayushiev 0-0: Called Strike
0-1: Ball
1-1: Fly out, F6 (Line Drive, 6)
Batting: SHB Benedict Patel 0-0: Called Strike
0-1: Called Strike
0-2: Ball
1-2: Strikes out swinging
Top of the 6th over - 0 runs, 0 hits, 0 errors, 0 left on base; Bloomington 2 - Calgary 0
BOTTOM OF THE 6TH
Calgary Lynx batting - Pitching for Bloomington Longnecks : LHP Gabriel Valenzuela
Batting: RHB Gustavo Ortíz 0-0: Foul Ball, location: 2F
0-1: Called Strike
0-2: Ball
1-2: Strikes out looking
Batting: RHB Dave Sosa 0-0: Called Strike
0-1: Ball
1-1: Ball
2-1: Ball
3-1: Foul Ball, location: 2F
3-2: Base on Balls
Batting: RHB Augusto Manuel 0-0: Ball
1-0: Ball
Dave Sosa is caught stealing 2nd base
2-0: Ball
3-0: Called Strike
3-1: Foul Ball, location: 2F
3-2: Foul Ball, location: 2F
3-2: Strikes out swinging
Bottom of the 6th over - 0 runs, 0 hits, 0 errors, 0 left on base; Bloomington 2 - Calgary 0
TOP OF THE 7TH
Bloomington Longnecks batting - Pitching for Calgary Lynx : RHP Melchor Morse
Batting: RHB Mei Kim 0-0: Ball
1-0: Ground out 2-3 (Groundball, 15S)
Batting: LHB Abiram Wahine 0-0: Ball
1-0: Ball
2-0: Ball
3-0: Called Strike
3-1: Ground out 4-3 (Groundball, 4)
Batting: RHB Pacu Martic 0-0: Fly out, F8 (Line Drive, 78D)
Top of the 7th over - 0 runs, 0 hits, 0 errors, 0 left on base; Bloomington 2 - Calgary 0
BOTTOM OF THE 7TH
Calgary Lynx batting - Pitching for Bloomington Longnecks : LHP Gabriel Valenzuela
Batting: RHB José de la Cavallería 0-0: Called Strike
0-1: Foul Ball, location: 2F
0-2: Ball
1-2: Ball
2-2: Ball
3-2: Base on Balls
Batting: RHB Oliver Villalva 0-0: Fielders Choice at 2nd, 5-4 (Groundball, 5)
Batting: LHB Sergio Cruz 0-0: Ball
Oliver Villalva steals 2nd base
1-0: Ground out 4-3 (Groundball, 4)
Oliver Villalva to third
Batting: RHB Alberto Salas 0-0: Foul Ball, location: 2F
0-1: SINGLE (Line Drive, 78S)
Oliver Villalva scores
Batting: LHB Xuan-ling Chen 0-0: Called Strike
0-1: Called Strike
0-2: Fielders Choice at 2nd, 6-4 (Groundball, 6)
Bottom of the 7th over - 1 run, 1 hit, 0 errors, 1 left on base; Bloomington 2 - Calgary 1
TOP OF THE 8TH
Bloomington Longnecks batting - Pitching for Calgary Lynx : RHP Melchor Morse
Batting: RHB Mike Mays 0-0: Called Strike
0-1: Ball
1-1: Ball
2-1: Called Strike
2-2: Ground out 6-3 (Groundball, 56D)
Batting: LHB Henk van Aardschot 0-0: Called Strike
0-1: Foul Ball, location: 2F
0-2: SINGLE (Groundball, 34) (infield hit)
Batting: RHB Gabrio Campoverde 0-0: Ball
1-0: Grounds into double play, 6-4-3 (Groundball, 6)
Top of the 8th over - 0 runs, 1 hit, 0 errors, 0 left on base; Bloomington 2 - Calgary 1
BOTTOM OF THE 8TH
Calgary Lynx batting - Pitching for Bloomington Longnecks : LHP Gabriel Valenzuela
Now in RF: Daniel Faraday
Batting: RHB Rubén Medina 0-0: Called Strike
0-1: Swinging Strike
0-2: Foul Ball, location: 2F
0-2: Ground out 4-3 (Groundball, 34S)
Pitching: RHP John Walton
Batting: RHB Gustavo Ortíz 0-0: Ball
1-0: Called Strike
1-1: Reached on error, E4 (Groundball, 4S)
Batting: RHB Dave Sosa 0-0: Ball
1-0: Ball
2-0: SINGLE (Groundball, 4MS) (infield hit)
Gustavo Ortíz to second
Batting: RHB Augusto Manuel 0-0: Ball
1-0: Ball
2-0: Fly out, F8 (Flyball, 89D)
Batting: RHB José de la Cavallería 0-0: Ball
1-0: Ball
2-0: Called Strike
2-1: Called Strike
2-2: SINGLE (Line Drive, 6MD)
Gustavo Ortíz to third
Dave Sosa to second
Batting: RHB Oliver Villalva 0-0: Swinging Strike
0-1: Ground out 6-3 (Groundball, 6S)
Bottom of the 8th over - 0 runs, 2 hits, 1 error, 3 left on base; Bloomington 2 - Calgary 1
TOP OF THE 9TH
Bloomington Longnecks batting - Pitching for Calgary Lynx : RHP Melchor Morse
Batting: LHB Daniel Faraday 0-0: Ball
1-0: Called Strike
1-1: Ball
2-1: Ball
3-1: Fly out, F4 (Line Drive, 4M)
Batting: RHB Moriz Ayushiev 0-0: SINGLE (Groundball, 34D)
Pitching: RHP Damien Morin
Batting: SHB Benedict Patel 0-0: Swinging Strike
0-1: Foul Ball, location: 2F
0-2: Ball
1-2: Strikes out swinging
Batting: RHB Mei Kim 0-0: Called Strike
0-1: Ground out 1-3 (Groundball, P)
Top of the 9th over - 0 runs, 1 hit, 0 errors, 1 left on base; Bloomington 2 - Calgary 1
BOTTOM OF THE 9TH
Calgary Lynx batting - Pitching for Bloomington Longnecks : RHP John Walton
Pitching: RHP Mark Zaugg
Batting: LHB Sergio Cruz 0-0: Fly out, F6 (Popup, P)
Batting: RHB Alberto Salas 0-0: Swinging Strike
0-1: Foul Ball, location: 2F
0-2: Fly out, F5 (Line Drive, 5)
Batting: LHB Xuan-ling Chen 0-0: Foul Ball, location: 2F
0-1: Ball
1-1: Ball
2-1: Foul Ball, location: 2F
2-2: Strikes out swinging
Bottom of the 9th over - 0 runs, 0 hits, 0 errors, 0 left on base; Bloomington 2 - Calgary 1
Friday, July 19th, 2019 - OOTP Baseball 20.5 Build 52